 Dungeon Crawl Stone Soup version 0.23-a0-455-ge12115f (webtiles) character file.

174042 rgaf the Fighter (level 17, -9/155 HPs)
             Began as a Gnoll Wanderer on Nov 24, 2018.
             Was an Initiate of Gozag.
             Killed from afar by Asterion (37 damage)
             ... with an orb of electricity
             ... on level 1 of the Spider Nest.
             The game lasted 01:08:58 (47163 turns).

rgaf the Fighter (Gnoll Wanderer)                  Turns: 47163, Time: 01:08:59

Health: -9/155     AC: 17    Str: 20    XL:     17   Next: 77%
Magic:  13/32      EV: 18    Int: 20    God:    Gozag
Gold:   3091       SH: 10    Dex: 16    Spells: 19/39 levels left

rFire    + + .     SeeInvis .   v - +2 eveningstar (holy)
rCold    + . .     Gourm    .   O - +2 buckler {rF+}
rNeg     . . .     Faith    .   t - +2 scale mail {rPois}
rPois    +         Spirit   .   M - +0 hat
rElec    .         Reflect  .   R - +0 cloak of Pouxof {Str+2} (curse)
rCorr    .         Harm     .   o - +1 pair of gloves
MR       +++..                  J - +1 pair of boots {run}
Stlth    ++++......             c - amulet of Vitality {Regen+ HP+15}
HPRegen  0.75/turn              k - ring of the Mage {Wiz MR++ Int+3}
MPRegen  0.23/turn              G - ring of protection from cold

@: lethally poisoned (-9 -> -13), about to teleport, very slightly contaminated,
studying 2 skills, quick
A: distributed training, fangs 1, blink, fire resistance 1, strong nose
}: 1/15 runes: decaying
a: Blink, Potion Petition, Call Merchant, Bribe Branch, Renounce Religion


You were on level 1 of the Spider Nest.
You worshipped Gozag.
Gozag was most pleased with you.
You were hungry.

You visited 5 branches of the dungeon, and saw 28 of its levels.
You also visited: Labyrinth, Bailey and Ice Cave.

You collected 11745 gold pieces.
You spent 3336 gold pieces at shops.
You paid 5318 gold pieces to Gozag.

Inventory:

Hand Weapons
 a - a +2 lajatang of electrocution
 b - a +1 scimitar of flaming
 v - a +2 eveningstar of holy wrath (weapon)
 V - the +8 lajatang of Qoca {pain, rN++}
   (You found it in a labyrinth)

   In the hands of one skilled in necromantic magic, it inflicts extra damage on
   living creatures.
   It greatly protects you from negative energy.
Armour
 e - a +1 pair of boots of flying
 o - a +1 pair of gloves (worn)
 t - a +2 scale mail of poison resistance (worn)
 J - a +1 pair of boots of running (worn)
 M - a +0 hat (worn)
 O - a +2 buckler of fire resistance (worn)
 R - the cursed +0 cloak of Pouxof (worn) {Str+2}
   (You found it on level 9 of the Dungeon)

   It affects your strength (+2).
   It has a curse placed upon it.
Jewellery
 c - the amulet of Vitality (around neck) {Regen+ HP+15}
   (You bought it in a shop on level 15 of the Dungeon)

   [amulet of regeneration]

   It affects your health (+15).
   It increases your rate of regeneration.
 i - an uncursed amulet of rage
 k - the ring of the Mage (left hand) {Wiz MR++ Int+3}
   (You bought it in a shop on level 15 of the Dungeon)

   [ring of wizardry]

   It improves your spell success rate.
   It affects your intelligence (+3).
   It affects your resistance to hostile enchantments.
 s - a +3 ring of evasion
 u - an uncursed amulet of guardian spirit
 y - an uncursed ring of positive energy
 G - a ring of protection from cold (right hand)
 K - an uncursed ring of protection from fire
 W - a +4 ring of protection
 X - an uncursed ring of see invisible
Wands
 m - a wand of polymorph (24)
 n - a wand of iceblast (53)
 B - a wand of flame (15)
 D - a wand of digging (5)
 N - a wand of enslavement (24)
 Q - a wand of paralysis (12)
 Y - a wand of disintegration (29)
Scrolls
 d - a scroll of summoning
 h - 8 scrolls of teleportation
 l - 4 scrolls of fog
 p - 6 scrolls of amnesia
 z - 3 scrolls of immolation
 A - 2 scrolls of magic mapping
 C - 2 scrolls of identify
 E - 6 scrolls of enchant weapon
 H - a scroll of fear
 L - 7 scrolls of remove curse
 U - a scroll of silence
Potions
 g - 2 potions of cancellation
 q - 4 potions of flight
 r - 9 potions of lignification
 x - 2 potions of mutation
 F - a potion of haste
 S - a potion of resistance
 T - 2 potions of magic
Books
 j - a manual of Shields
 w - a manual of Fighting
Comestibles
 f - 16 rations


   Skills:
 + Level 14.8 Fighting
 + Level 11.5 Short Blades
 + Level 11.8 Long Blades
 + Level 11.5 Axes
 + Level 11.5 Maces & Flails
 + Level 11.5 Polearms
 + Level 11.5 Staves
 + Level 11.5 Slings
 + Level 11.5 Bows
 + Level 11.5 Crossbows
 + Level 11.8 Throwing
 + Level 11.5 Armour
 + Level 11.5 Dodging
 + Level 11.5 Stealth
 + Level 14.3 Shields
 + Level 11.5 Unarmed Combat
 + Level 11.8 Spellcasting
 + Level 9.8 Conjurations
 + Level 9.8 Hexes
 + Level 9.8 Charms
 + Level 9.8 Summonings
 + Level 9.8 Necromancy
 + Level 9.8 Translocations
 + Level 11.1 Transmutations
 + Level 9.8 Fire Magic
 + Level 9.8 Ice Magic
 + Level 9.8 Air Magic
 + Level 9.8 Earth Magic
 + Level 10.1 Poison Magic
 + Level 12.4 Invocations
 + Level 11.8 Evocations


You had 19 spell levels left.
You knew the following spells:

 Your Spells              Type           Power        Failure   Level  Hunger
a - Apportation           Tloc           ######       1%          1    None
b - Summon Butterflies    Summ           ######..     1%          1    None
c - Passwall              Tmut/Erth      ######..     1%          2    None
d - Lesser Beckoning      Tloc           ######....   1%          3    None
e - Silence               Hex/Air        ######....   2%          5    ####...
f - Tukima's Dance        Hex            ######..     1%          3    None
g - Summon Forest         Summ/Tloc      ######....   2%          5    ####...

Your spell library contained the following spells:

 Spells                   Type           Power        Failure   Level  Hunger
 Confusing Touch          Hex            ######       1%          1    None
 Sandblast                Erth           ######       1%          1    None
 Shock                    Conj/Air       ####         1%          1    None
 Corpse Rot               Necr           N/A          1%          2    None
 Poisonous Vapours        Pois/Air       ######       1%          2    None
 Swiftness                Chrm/Air       ######..     1%          2    None
 Confuse                  Hex            ######..     1%          3    None
 Conjure Flame            Conj/Fire      ######..     1%          3    None
 Gell's Gravitas          Tloc           ######....   1%          3    None
 Mephitic Cloud           Conj/Pois/Air  ######..     1%          3    None
 Recall                   Summ/Tloc      N/A          1%          3    None
 Static Discharge         Conj/Air       ######..     1%          3    None
 Stone Arrow              Conj/Erth      ######       1%          3    None
 Airstrike                Air            ######....   1%          4    #......
 Cause Fear               Hex            ######....   1%          4    #......
 Leda's Liquefaction      Hex/Erth       ######....   1%          4    #......
 Petrify                  Tmut/Erth      ######..     1%          4    #......
 Alistair's Intoxication  Tmut/Pois      ######..     1%          5    ####...
 Yara's Violent Unravell  Hex/Tmut       ######....   1%          5    ####...
 Aura of Abjuration       Summ           ######....   2%          5    ####...
 Lee's Rapid Deconstruct  Erth           ######....   2%          5    ####...
 Lightning Bolt           Conj/Air       ######....   2%          5    ####...
 Metabolic Englaciation   Hex/Ice        ######....   2%          5    ####...
 Summon Demon             Summ           ######....   2%          5    ####...
 Summon Mana Viper        Hex/Summ       ######..     2%          5    ####...
 Hydra Form               Tmut           ######....   9%          6    ######.
 Deflect Missiles         Chrm/Air       ######....   14%         6    ######.
 Freezing Cloud           Conj/Ice/Air   ######....   14%         6    ######.
 Invisibility             Hex            ######..     14%         6    ######.
 Shadow Creatures         Summ           N/A          14%         6    ######.
 Ring of Flames           Chrm/Fire      ######....   56%         7    #######
 Summon Hydra             Summ           ######....   56%         7    #######
 Discord                  Hex            ######....   99%         8    #######


Dungeon Overview and Level Annotations

Branches:
Dungeon (15/15)            Temple (0/1) D:6            Lair (6/6) D:8
  Swamp (4/4) Lair:3       Spider (1/4) Lair:4        Slime (0/5) Lair:6
    Orc (2/2) D:9             Elf (0/3) Orc:2        Vaults (0/5) D:13
 Depths (0/5) D:15

Altars:
Ashenzari
Cheibriados
Gozag
Hepliaklqana
Okawaru
Ru
Sif Muna
Trog
Wu Jian
Xom
Zin
The Shining One
Jiyva

Shops:
D:6 ([?*%   D:9 (   D:15 :=   Orc:2 }(?[(:(

Annotations:
D:13 1 runed door, LizzardofHazz's ghost, journeyman HaMo
Lair:3 1 runed door, dolemite99's ghost, journeyman FoEE
Lair:6 1 runed door, fooot's ghost, journeyman MiFi
Swamp:2 3 runed doors, Birdfruit's ghost, journeyman MiBe
Spider:1 3 runed doors, Asterion; LordUnchemael's ghost, adept TrMo


Innate Abilities, Weirdness & Mutations

Your experience applies equally to all skills.
You have very sharp teeth.
Your uncanny sense of smell can sniff out nearby items.
You can translocate small distances at will.
Your flesh is heat resistant. (rF+)


Message History

* * * LOW HITPOINT WARNING * * *
You feel much better.
You feel sick.
Asterion prays to Makhleb.
Asterion seems to speed up.
The green death gestures at you. The poison arrow misses you.
Blink to where?
Press: ? - help, Dir - move target cursor, p - Asterion You are very lightly contaminated with residual magic.
As you read the scroll of blinking, it crumbles to dust.
You feel sick.
As you read the scroll of teleportation, it crumbles to dust.
You feel strangely unstable.
You feel sick.
You feel sick. The green death gestures at you.
You feel sick.
Asterion conjures a destructive force in the name of Makhleb!
The orb of electricity explodes!
The orb of electricity engulfs you!
You die...
Your body crumbles into a pile of gold.

... #♣..2.≈≈♣ ..
#....§≈≈# ...# .
##...H§..# .....#
...[.^.§## .....#
#.....§§#♣# .....#
♣.♣...§§§§♣#....#
.......♣§§§#...####
......##§§§.......#
###### ##.@....##
###.....###
###.........##
##.............#
#.?............#
###............#
#............#
##............ ###
##...........


You could see Asterion.

Vanquished Creatures
  Nikola (Swamp:1)
  A tentacled monstrosity (Swamp:1)
  4 thorn hunters
  A frost giant (IceCv)
  An orc warlord (Orc:2)
  A very ugly thing (D:14)
  4 dire elephants (Lair:6)
  A minotaur (Lab)
  A fire dragon (Swamp:3)
  Josephine (D:13)
  A ghost crab (Swamp:4)
  3 shambling mangroves
  16 hydras
  A vault guard (D:13)
  An anaconda (Lair:6)
  5 centaur warriors
  A catoblepas (Lair:6)
  3 ogre magi (D:15)
  15 two-headed ogres
  8 alligators
  6 death yaks
  4 skeletal warriors
  11 swamp dragons
  A spriggan druid (Swamp:4)
  A spark wasp zombie (D:15)
  A wizard (D:14)
  3 unseen horrors
  Pikel (D:9)
  A necromancer (D:15)
  3 lindwurms (Swamp:4)
  A phantasmal warrior (D:15)
  5 orc knights
  5 orc sorcerers
  3 manticores
  A deep elf mage (D:14)
  2 wolf spiders
  12 ugly things
  A cyclops (D:15)
  4 elephants (Lair:6)
  An ice statue (IceCv)
  Joseph (Lair:1)
  A black mamba (Lair:3)
  A torpor snail (Lair:2)
  19 spiny frogs
  7 gargoyles
  2 kobold demonologists (D:13)
  7 komodo dragons
  6 yaktaurs
  A yaktaur zombie (D:15)
  A rime drake (Lair:6)
  An efreet (D:8)
  8 trolls
  A tengu conjurer (D:15)
  6 tyrant leeches
  2 minotaur skeletons (Lab)
  A guardian mummy (D:15)
  A jumping spider (Spider:1)
  19 polar bears
  5 hornets
  A harpy skeleton (D:14)
  A polar bear (shapeshifter) (D:15)
  9 blink frogs
  16 slime creatures
  A deep troll zombie (D:15)
  8 bog bodies
  10 hippogriffs
  4 wyverns
  2 redbacks (Lab)
  4 spriggans
  3 vampires
  5 wraiths (D:13)
  5 shadows
  A deep troll skeleton (D:15)
  49 yaks
  5 vampire mosquitoes
  3 hungry ghosts
  3 basilisks
  A steam dragon (Lair:4)
  9 swamp worms
  A soldier ant (D:13)
  23 insubstantial wisps
  9 wargs
  An acid dragon (D:14)
  6 porcupines
  22 water moccasins
  7 swamp drakes
  53 orc warriors
  3 sky beasts
  3 black bears
  2 hornet zombies
  3 slaves (D:9)
  A phantom (D:11)
  19 ogres
  19 wolves
  26 centaurs
  18 crocodiles
  5 big kobolds
  16 bullfrogs
  A gnoll sergeant (D:12)
  3 wyvern skeletons
  A water moccasin skeleton (D:6)
  6 scorpions
  14 wights
  5 howler monkeys
  7 killer bees
  5 crimson imps
  2 bullfrog zombies
  3 centaur zombies
  11 orc priests
  2 bullfrog skeletons
  7 hounds
  7 jellies
  22 orc wizards
  3 centaur skeletons
  6 iguanas
  10 worker ants
  2 hell rats (Lair:2)
  A hound zombie (D:8)
  A hound skeleton (D:6)
  A howler monkey zombie (D:7)
  A worker ant zombie (D:9)
  8 gnolls
  11 river rats (Lair:2)
  13 adders
  2 shadow imps
  12 white imps (Lair:6)
  7 oozes (D:4)
  2 worms
  4 dart slugs
  5 leopard geckos
  94 orcs
  2 bats
  4 giant cockroaches
  13 goblins
  9 hobgoblins
  18 jackals
  26 kobolds
  3 quokkas
  A ball python (D:3)
  5 frilled lizards
  A leopard gecko skeleton (D:5)
  2 leopard gecko zombies
  8 rats
  A briar patch (Swamp:4)
  A fungus (Lair:4)
  3 plants (Lair:6)
980 creatures vanquished.

Vanquished Creatures (collateral kills)
  A hungry ghost (D:8)
1 creature vanquished.

Vanquished Creatures (others)
  A spriggan druid (Swamp:4)
  A polar bear (IceCv)
  A hornet (Swamp:2)
  2 tyrant leeches
  2 yaks (IceCv)
  A swamp worm (Swamp:4)
  A slave (D:9)
  2 centaurs (D:14)
  5 wolves (IceCv)
  2 wights (D:14)
  A jelly (D:14)
  A hound (D:9)
  2 goblins (D:9)
  13 fungi
  10 plants
  9 toadstools (D:4)
  13 withered plants
67 creatures vanquished.

Grand Total: 1048 creatures vanquished

Notes
Turn   | Place    | Note
-------+----------+-------------------------------------------
     0 | D:1      | rgaf the Gnoll Wanderer began the quest for the Orb.
     0 | D:1      | rgaf set off with the following items: a +2 falchion, a
                  | potion of curing, a +0 robe, a ration; and the following
                  | spell memorised: Apportation; and the following spells
                  | available to memorise: Recall
     0 | D:1      | Reached XP level 1. HP: 20/20 MP: 4/4
   312 | D:1      | Reached XP level 2. HP: 26/26 MP: 5/5
  1074 | D:2      | Reached XP level 3. HP: 31/31 MP: 7/7
  1418 | D:2      | Reached skill level 1 in Invocations
  1429 | D:2      | Found a shimmering altar of Xom.
  1449 | D:2      | Reached skill level 1 in Short Blades
  1449 | D:2      | Reached skill level 1 in Axes
  1449 | D:2      | Reached skill level 1 in Maces & Flails
  1449 | D:2      | Reached skill level 1 in Polearms
  1449 | D:2      | Reached skill level 1 in Staves
  1449 | D:2      | Reached skill level 1 in Slings
  1449 | D:2      | Reached skill level 1 in Bows
  1449 | D:2      | Reached skill level 1 in Crossbows
  1449 | D:2      | Reached skill level 1 in Armour
  1449 | D:2      | Reached skill level 1 in Dodging
  1449 | D:2      | Reached skill level 1 in Stealth
  1449 | D:2      | Reached skill level 1 in Shields
  1449 | D:2      | Reached skill level 1 in Unarmed Combat
  1528 | D:2      | Reached XP level 4. HP: 38/38 MP: 8/8
  2118 | D:3      | Found an opulent altar of Gozag.
  2217 | D:3      | Found a hazy altar of Hepliaklqana.
  2274 | D:3      | Became a worshipper of Gozag Ym Sagoz the Greedy
  2299 | D:3      | Reached skill level 1 in Conjurations
  2299 | D:3      | Reached skill level 1 in Hexes
  2299 | D:3      | Reached skill level 1 in Charms
  2299 | D:3      | Reached skill level 1 in Summonings
  2299 | D:3      | Reached skill level 1 in Necromancy
  2299 | D:3      | Reached skill level 1 in Translocations
  2299 | D:3      | Reached skill level 1 in Fire Magic
  2299 | D:3      | Reached skill level 1 in Ice Magic
  2299 | D:3      | Reached skill level 1 in Air Magic
  2299 | D:3      | Reached skill level 1 in Earth Magic
  2512 | D:3      | Reached XP level 5. HP: 42/43 MP: 9/9
  3072 | D:4      | Noticed an ogre
  3495 | D:4      | Found a shattered altar of Ashenzari.
  3690 | D:4      | Reached XP level 6. HP: 44/50 MP: 10/10
  3895 | D:4      | Reached skill level 5 in Fighting
  4112 | D:5      | Entered Level 5 of the Dungeon
  4391 | D:5      | Reached XP level 7. HP: 46/56 MP: 12/12
  5308 | D:5      | Got a twisted hunting sling
  5309 | D:5      | Identified the cursed +0 hunting sling of Action {freeze,
                  | rF+ Int+3} (You found it on level 5 of the Dungeon)
  6057 | D:6      | Found Kyatuenn's General Store.
  6064 | D:6      | Bought a scroll of remove curse for 39 gold pieces
  6073 | D:6      | Found Tepir's Food Emporium.
  6191 | D:6      | Found a staircase to the Ecumenical Temple.
  6290 | D:6      | Reached XP level 8. HP: 58/63 MP: 14/14
  6404 | D:6      | Found a glowing golden altar of the Shining One.
  6405 | D:6      | Found a glowing silver altar of Zin.
  6445 | D:6      | Found Wiguf's Magic Scroll Boutique.
  6453 | D:6      | Bought a scroll of blinking for 97 gold pieces
  6526 | D:6      | Found Seqous Bevuo's Antique Armour Shoppe.
  6539 | D:6      | Bought a pair of embroidered boots for 187 gold pieces
  6544 | D:6      | Identified a +0 pair of boots of running (You bought it in
                  | a shop on level 6 of the Dungeon)
  6606 | D:6      | Found Idenit's Weapon Shop.
  6855 | D:7      | Found an ornate altar of the Wu Jian Council.
  7228 | D:7      | Found an opulent altar of Gozag.
  7282 | D:7      | Reached XP level 9. HP: 69/69 MP: 16/16
  7333 | D:7      | Noticed a gargoyle
  7349 | D:7      | Killed a gargoyle
  7464 | D:7      | Noticed a gargoyle
  7480 | D:7      | Killed a gargoyle
  7480 | D:7      | Reached skill level 5 in Spellcasting
  7706 | D:7      | Noticed a gargoyle
  7714 | D:7      | Killed a gargoyle
  7714 | D:7      | Reached skill level 5 in Long Blades
  7714 | D:7      | Reached skill level 5 in Throwing
  7714 | D:7      | Reached skill level 5 in Evocations
  7884 | D:7      | Noticed a gargoyle
  7900 | D:7      | Killed a gargoyle
  8107 | D:7      | Noticed a gargoyle
  8120 | D:7      | Killed a gargoyle
  8120 | D:7      | Reached skill level 5 in Invocations
  8890 | D:7      | Found a deep blue altar of Sif Muna.
  8896 | D:7      | Found a bloodstained altar of Trog.
  8944 | D:8      | Reached XP level 10. HP: 72/77 MP: 18/18
  8994 | D:8      | Paralysed by fainting for 12 turns
  9271 | D:8      | Killed an unseen horror
  9271 | D:8      | Reached skill level 5 in Short Blades
  9271 | D:8      | Reached skill level 5 in Axes
  9271 | D:8      | Reached skill level 5 in Maces & Flails
  9271 | D:8      | Reached skill level 5 in Polearms
  9271 | D:8      | Reached skill level 5 in Staves
  9271 | D:8      | Reached skill level 5 in Slings
  9271 | D:8      | Reached skill level 5 in Bows
  9271 | D:8      | Reached skill level 5 in Crossbows
  9271 | D:8      | Reached skill level 5 in Armour
  9271 | D:8      | Reached skill level 5 in Dodging
  9271 | D:8      | Reached skill level 5 in Stealth
  9271 | D:8      | Reached skill level 5 in Shields
  9271 | D:8      | Reached skill level 5 in Unarmed Combat
 10014 | D:8      | Reached skill level 5 in Poison Magic
 10367 | D:8      | Found a staircase to the Lair.
 10421 | D:8      | Found an iron altar of Okawaru.
 10727 | D:9      | Found a staircase to the Orcish Mines.
 10901 | D:9      | Got a spiked cloak
 10907 | D:9      | Identified the cursed +0 cloak of Pouxof {Str+2} (You found
                  | it on level 9 of the Dungeon)
 10947 | D:9      | Reached XP level 11. HP: 47/84 MP: 20/20
 10996 | D:9      | Noticed Pikel
 11008 | D:9      | Killed Pikel
 11248 | D:9      | Noticed a two-headed ogre
 11256 | D:9      | Killed a two-headed ogre
 11264 | D:9      | Found a flagged portal.
 11278 | Bailey   | Entered a bailey
 11722 | Bailey   | Reached skill level 5 in Conjurations
 11722 | Bailey   | Reached skill level 5 in Hexes
 11722 | Bailey   | Reached skill level 5 in Charms
 11722 | Bailey   | Reached skill level 5 in Summonings
 11722 | Bailey   | Reached skill level 5 in Necromancy
 11722 | Bailey   | Reached skill level 5 in Translocations
 11722 | Bailey   | Reached skill level 5 in Fire Magic
 11722 | Bailey   | Reached skill level 5 in Ice Magic
 11722 | Bailey   | Reached skill level 5 in Air Magic
 11722 | Bailey   | Reached skill level 5 in Earth Magic
 13040 | Bailey   | Found a roughly hewn altar of Beogh.
 13040 | Bailey   | Noticed an orc knight
 13094 | Bailey   | Reached XP level 12. HP: 73/94 MP: 23/23
 13095 | Bailey   | Gained mutation: Your flesh is heat resistant. (rF+)
                  | [potion of mutation]
 13095 | Bailey   | Gained mutation: You can translocate small distances at
                  | will. [potion of mutation]
 14380 | D:6      | Bought a scroll of acquirement for 676 gold pieces
 14476 | D:10     | Entered Level 10 of the Dungeon
 15046 | D:10     | Found a snail-covered altar of Cheibriados.
 15231 | D:10     | Noticed a two-headed ogre
 15245 | D:10     | Killed a two-headed ogre
 16025 | D:11     | Reached XP level 13. HP: 68/101 MP: 25/25
 16650 | Lair:1   | Entered Level 1 of the Lair of Beasts
 16898 | Lair:1   | Noticed Joseph
 16914 | Lair:1   | Killed Joseph
 18368 | Lair:2   | Found a sacrificial altar of Ru.
 19147 | Lair:3   | Reached skill level 10 in Fighting
 19507 | Lair:3   | Found a staircase to the Swamp.
 19993 | Lair:3   | Found a runed door.
 19994 | Lair:3   | Noticed dolemite99's ghost (journeyman FoEE)
 20950 | Lair:4   | Found a hole to the Spider Nest.
 22338 | Lair:5   | Reached XP level 14. HP: 66/111 MP: 18/27
 22612 | Lair:6   | Entered Level 6 of the Lair of Beasts
 22641 | Lair:6   | Reached skill level 10 in Shields
 22986 | Lair:6   | Found a frozen archway.
 23041 | IceCv    | Entered an ice cave
 24386 | IceCv    | Got a transparent arbalest
 24618 | IceCv    | Noticed a frost giant
 24656 | IceCv    | Killed a frost giant
 24878 | Lair:6   | Reached skill level 10 in Invocations
 25397 | Lair:6   | Identified the +0 arbalest "Vafyasei" {venom, MR+ Str-2
                  | Int+4 Stlth+} (You acquired it in an ice cave)
 25501 | Lair:6   | Found a runed door.
 25504 | Lair:6   | Noticed fooot's ghost (journeyman MiFi)
 25727 | Lair:6   | Found a staircase to the Slime Pits.
 25727 | Lair:6   | Found a viscous altar of Jiyva.
 26652 | Lair:6   | Noticed a dire elephant
 26652 | Lair:6   | Noticed a dire elephant
 26661 | Lair:6   | Killed a dire elephant
 26669 | Lair:6   | Killed a dire elephant
 26809 | Lair:6   | Noticed a dire elephant
 26822 | Lair:6   | Killed a dire elephant
 26969 | Lair:6   | Noticed a dire elephant
 26988 | Lair:6   | Killed a dire elephant
 27229 | Lair:6   | Learned a level 1 spell: Summon Butterflies
 27232 | Lair:6   | Learned a level 2 spell: Passwall
 27236 | Lair:6   | Learned a level 3 spell: Tukima's Dance
 27415 | Orc:1    | Entered Level 1 of the Orcish Mines
 27437 | Orc:1    | Reached XP level 15. HP: 119/120 MP: 26/28
 27721 | Orc:2    | Entered Level 2 of the Orcish Mines
 27796 | Orc:2    | Paralysed by an orc sorcerer for 2 turns
 27856 | Orc:2    | Reached skill level 10 in Spellcasting
 27888 | Orc:2    | Found a labyrinth entrance.
 27897 | Lab      | Entered a labyrinth
 28408 | Lab      | Reached skill level 10 in Long Blades
 28408 | Lab      | Reached skill level 10 in Throwing
 28408 | Lab      | Reached skill level 10 in Evocations
 28657 | Lab      | Got a polished lajatang
 28668 | Lab      | Identified the +8 lajatang of Qoca {pain, rN++} (You found
                  | it in a labyrinth)
 28896 | Orc:1    | Paralysed by an orc sorcerer for 4 turns
 30557 | Orc:2    | Noticed an orc warlord
 30633 | Orc:2    | Killed an orc warlord
 30639 | Orc:2    | Reached skill level 10 in Transmutations
 31017 | Orc:2    | Found a staircase to the Elven Halls.
 31140 | Orc:2    | Found Peitz's Magic Scroll Emporium.
 31140 | Orc:2    | Found Odeit's Weapon Boutique.
 31142 | Orc:2    | Found Qiney's Gadget Shop.
 31144 | Orc:2    | Found Apuen's Armour Shoppe.
 31151 | Orc:2    | Bought a scroll of teleportation for 45 gold pieces
 31151 | Orc:2    | Bought a scroll of teleportation for 45 gold pieces
 31221 | Orc:2    | Bought a runed eveningstar for 540 gold pieces
 31288 | Orc:2    | Bought a +2 scale mail of poison resistance for 270 gold
                  | pieces
 32570 | D:13     | Reached skill level 10 in Short Blades
 32570 | D:13     | Reached skill level 10 in Axes
 32570 | D:13     | Reached skill level 10 in Maces & Flails
 32570 | D:13     | Reached skill level 10 in Polearms
 32570 | D:13     | Reached skill level 10 in Staves
 32570 | D:13     | Reached skill level 10 in Slings
 32570 | D:13     | Reached skill level 10 in Bows
 32570 | D:13     | Reached skill level 10 in Crossbows
 32570 | D:13     | Reached skill level 10 in Armour
 32570 | D:13     | Reached skill level 10 in Dodging
 32570 | D:13     | Reached skill level 10 in Stealth
 32570 | D:13     | Reached skill level 10 in Unarmed Combat
 32662 | D:13     | Found a runed door.
 32662 | D:13     | Noticed LizzardofHazz's ghost (journeyman HaMo)
 32942 | D:13     | Found a gate to the Vaults.
 33046 | D:13     | Noticed Josephine
 33056 | D:13     | Killed Josephine
 34196 | D:14     | Reached XP level 16. HP: 65/130 MP: 19/30
 34631 | D:15     | Entered Level 15 of the Dungeon
 36737 | D:15     | Found a staircase to the Depths.
 37685 | D:15     | Bought the amulet of Vitality {Regen+ HP+15} for 869 gold
                  | pieces
 37685 | D:15     | Bought the ring of the Mage {Wiz MR++ Int+3} for 568 gold
                  | pieces
 37685 | D:15     | Found the ring of the Mage {Wiz MR++ Int+3}
 37685 | D:15     | Found the amulet of Vitality {Regen+ HP+15}
 37702 | D:15     | Learned a level 5 spell: Silence
 37706 | D:15     | Learned a level 3 spell: Lesser Beckoning
 38012 | Swamp:1  | Entered Level 1 of the Swamp
 38385 | Swamp:1  | Noticed Nikola
 38423 | Swamp:1  | Killed Nikola
 38720 | Swamp:1  | Learned a level 5 spell: Summon Forest
 38784 | Swamp:1  | Noticed a tentacled monstrosity
 38792 | Swamp:1  | Killed a tentacled monstrosity
 39968 | Swamp:2  | Paralysed by a hornet for 3 turns
 40484 | Swamp:2  | Reached XP level 17. HP: 139/139 MP: 32/32
 41431 | Swamp:2  | Found a runed gate.
 41432 | Swamp:2  | Found a runed gate.
 41433 | Swamp:2  | Found a runed gate.
 41434 | Swamp:2  | Noticed Birdfruit's ghost (journeyman MiBe)
 44005 | Swamp:4  | Entered Level 4 of the Swamp
 44155 | Swamp:4  | Upgraded the game from 0.23-a0-451-g1044d4c to
                  | 0.23-a0-455-ge12115f
 45293 | Swamp:3  | Reached skill level 10 in Poison Magic
 46611 | Swamp:4  | Paralysed by a hornet for 3 turns
 46616 | Swamp:4  | Got a decaying rune of Zot
 46964 | Spider:1 | Entered Level 1 of the Spider Nest
 47123 | Spider:1 | Found a runed gate.
 47123 | Spider:1 | Found a runed gate.
 47123 | Spider:1 | Found a runed gate.
 47124 | Spider:1 | Noticed LordUnchemael's ghost (adept TrMo)
 47138 | Spider:1 | Noticed Asterion
 47158 | Spider:1 | HP: 6/155 [Asterion/iron shot (76)]
 47163 | Spider:1 | Killed from afar by Asterion

Vault maps used:
D:1:      dpeg_arrival_more_subterranean_lakeside_camping, serial_forest,
          infiniplex_forest_lined_corner, infiniplex_forest_clump_small,
          infiniplex_forest_lined_3_way, infiniplex_forest_clump_small,
          infiniplex_forest_end_1, infiniplex_forest_lined_2, serial_park_tiny_2
D:2:      xom_butterflies, minmay_goblin_outpost
D:3:      lemuel_coloured_pillars_altar, nicolae_gozag_seed_capital
D:4:      cheibrodos_fertilizer, kennysheep_mini
D:5:      first_ration
D:6:      nicolae_overflow_hidden_temple, minmay_temple_entry_steel_oval,
          serial_shops, shop, shop, kennysheep_little_box, shop, shop_fountains
D:7:      cheibrodos_statue_roulette, overflow_temple_1_default, minitemple,
          basic_altar
D:8:      minmay_the_grid_triangle_9x9_recursive_2, kennysheep_mini_moat,
          enter_ossuary_2
D:9:      orc_0_dummy, enter_bailey_3, uniq_pikel
D:10:     basic_altar, the_bakery
D:12:     chequers_mini_garden
D:13:     david_vaults_5, ebering_ghost_inner_flame, uniq_josephine
D:14:     grunt_decor_arrowhead
D:15:     gammafunk_depths_entry_grave, chequers_serial_rivers_room_a
Lair:1:   serial_bayou_shore_b, lemuel_fruit_tree, uniq_joseph
Lair:2:   basic_altar, kennysheep_rathole
Lair:3:   swamp_mist_pool, gammafunk_ghost_grave, grunt_megastairs_5
Lair:4:   spider_nest_entry_rubble
Lair:6:   due_jungle_book, slime_altar_1, portal_ice_cave_entry_imps,
          gammafunk_ghost_grave
Swamp:1:  cheibrodos_swamp_monstrosity, serial_swamp_ruin,
          evilmike_swamp_ruin_house_4, evilmike_swamp_ruin_wall, uniq_nikola
Swamp:2:  gammafunk_ghost_hydra_chop, hangedman_swamp_lotus, swamp_pool4
Swamp:3:  nicolae_swamp_triple_paths
Swamp:4:  swamp_alternative, infiniplex_staircase_pool
Spider:1: gammafunk_ghost_split, spider_trap, uniq_asterion
Orc:1:    nooodl_orcs_dogs
Orc:2:    st_orc_rangers, lab_entry_generic
Lab:      nicolae_lab_checkerboard, nicolae_lab_stuck, nicolae_lab_grate_2,
          lab_hedge, nicolae_lab_do_over, lab_block, nicolae_lab_t_cross,
          nicolae_lab_starburst, nicolae_lab_arrow, labyrinth_skeletal_remains
Bailey:   bailey_polearm_2, bailey
IceCv:    ice_cave_caverns_02

Skill      XL: |  1  2  3  4  5  6  7  8  9 10 11 12 13 14 15 16 17 |
---------------+----------------------------------------------------+-----
Poison Magic   | 2 3 4 5 6 7 8 9 10 | 10.1
Invocations    | 1 2 3 4 5 6 7 8 9 10 11 12 | 12.4
Short Blades   | 1 2 3 4 5 6 7 8 9 10 11 | 11.5
Axes           | 1 2 3 4 5 6 7 8 9 10 11 | 11.5
Maces & Flails | 1 2 3 4 5 6 7 8 9 10 11 | 11.5
Polearms       | 1 2 3 4 5 6 7 8 9 10 11 | 11.5
Staves         | 1 2 3 4 5 6 7 8 9 10 11 | 11.5
Slings         | 1 2 3 4 5 6 7 8 9 10 11 | 11.5
Bows           | 1 2 3 4 5 6 7 8 9 10 11 | 11.5
Crossbows      | 1 2 3 4 5 6 7 8 9 10 11 | 11.5
Armour         | 1 2 3 4 5 6 7 8 9 10 11 | 11.5
Dodging        | 1 2 3 4 5 6 7 8 9 10 11 | 11.5
Stealth        | 1 2 3 4 5 6 7 8 9 10 11 | 11.5
Shields        | 1 2 3 4 5 6 8 9 11 12 13 14 | 14.3
Unarmed Combat | 1 2 3 4 5 6 7 8 9 10 11 | 11.5
Spellcasting   | 3 4 5 6 7 8 9 10 11 | 11.8
Conjurations   | 1 2 3 4 5 6 7 8 9 |  9.8
Hexes          | 1 2 3 4 5 6 7 8 9 |  9.8
Charms         | 1 2 3 4 5 6 7 8 9 |  9.8
Summonings     | 1 2 3 4 5 6 7 8 9 |  9.8
Necromancy     | 1 2 3 4 5 6 7 8 9 |  9.8
Translocations | 1 2 3 4 5 6 7 8 9 |  9.8
Fire Magic     | 1 2 3 4 5 6 7 8 9 |  9.8
Ice Magic      | 1 2 3 4 5 6 7 8 9 |  9.8
Air Magic      | 1 2 3 4 5 6 7 8 9 |  9.8
Earth Magic    | 1 2 3 4 5 6 7 8 9 |  9.8
Long Blades    | 3 4 5 6 7 8 9 10 11 | 11.8
Throwing       | 3 4 5 6 7 8 9 10 11 | 11.8
Evocations     | 3 4 5 6 7 8 9 10 11 | 11.8
Fighting       | 5 6 7 8 9 10 12 13 14 | 14.8
Transmutations | 6 7 8 9 10 11 | 11.1

Action                   |  1- 3 |  4- 6 |  7- 9 | 10-12 | 13-15 | 16-18 || total
-------------------------+-------+-------+-------+-------+-------+-------++-------
Melee: Falchion          |    82 |   173 |   210 |       |       |       ||   465
       Bite              |    21 |    30 |    43 |    85 |   240 |   207 ||   626
       Punch             |       |     3 |     4 |     1 |     1 |       ||     9
       Great sword       |       |       |   109 |   356 |       |       ||   465
       Scimitar          |       |       |       |    41 |    18 |       ||    59
       Lajatang          |       |       |       |   224 |  1331 |       ||  1555
       Eveningstar       |       |       |       |       |   441 |  1276 ||  1717
       Unarmed           |       |       |       |       |    23 |       ||    23
 Fire: Hunting sling     |       |       |     6 |       |       |       ||     6
 Cast: Summon Forest     |       |       |       |       |       |     3 ||     3
       Tukima's Dance    |       |       |       |       |       |     2 ||     2
       Lesser Beckoning  |       |       |       |       |       |     1 ||     1
Invok: Call Merchant     |       |       |       |     1 |     3 |     2 ||     6
       Potion Petition   |       |       |       |       |       |     1 ||     1
Evoke: Wand              |       |     4 |     6 |    19 |     8 |    33 ||    70
  Use: Scroll            |       |     5 |    13 |     6 |    16 |    20 ||    60
       Potion            |       |     1 |     1 |    10 |    12 |    12 ||    36
 Stab: Sleeping          |     3 |     1 |       |       |     8 |    12 ||    24
       Distracted        |       |       |     1 |     4 |    13 |    11 ||    29
       Invisible         |       |       |       |       |    12 |       ||    12
       Petrified         |       |       |       |       |     2 |       ||     2
       Paralysed         |       |       |       |       |       |    13 ||    13
  Eat: Chunk             |     2 |     2 |       |       |       |       ||     4
       Ration            |       |     2 |     4 |    10 |    19 |    12 ||    47
Armor: Robe              |     6 |       |       |       |       |       ||     6
       Ring mail         |     8 |    69 |       |       |       |       ||    77
       Skin              |       |     1 |     8 |       |     2 |       ||    11
       Chain mail        |       |       |   134 |   327 |   503 |       ||   964
       Scale mail        |       |       |       |       |   121 |   458 ||   579
Dodge: Dodged            |    50 |   142 |   184 |   452 |  1279 |   949 ||  3056
Block: Buckler           |       |       |       |       |   216 |   629 ||   845
       Rpst.: Falchion   |    16 |    46 |    36 |       |       |       ||    98
       Great sword       |       |       |    14 |    67 |       |       ||    81
       Scimitar          |       |       |       |     5 |     3 |       ||     8

Table legend:
 A = Non-vault XP
 B = Vault XP
 C = Vault XP percentage of total XP
 D = Non-vault monster count
 E = Vault monster count
 F = Vault count percentage of total count
                 A         B        C        D         E       F
            +---------+---------+-------+---------+---------+-------
      Total |  155704 |   63484 |  29.0 |     731 |     248 |  25.3
            +---------+---------+-------+---------+---------+-------
        D:1 |      33 |       0 |   0.0 |      20 |       0 |   0.0
        D:2 |      58 |       9 |  13.4 |      13 |       5 |  27.8
        D:3 |      74 |       0 |   0.0 |      24 |       0 |   0.0
        D:4 |     224 |     101 |  31.1 |       6 |      15 |  71.4
        D:5 |     402 |       0 |   0.0 |      16 |       0 |   0.0
        D:6 |     650 |       0 |   0.0 |      15 |       0 |   0.0
        D:7 |    1097 |    1960 |  64.1 |      19 |       5 |  20.8
        D:8 |    1073 |    1954 |  64.6 |      28 |      11 |  28.2
        D:9 |    3595 |     667 |  15.6 |      34 |       3 |   8.1
       D:10 |    4393 |     220 |   4.8 |      50 |       1 |   2.0
       D:11 |    3321 |       0 |   0.0 |      24 |       0 |   0.0
       D:12 |    1738 |       0 |   0.0 |      16 |       0 |   0.0
       D:13 |    6037 |    5015 |  45.4 |      41 |      11 |  21.2
       D:14 |   15917 |       0 |   0.0 |      48 |       0 |   0.0
       D:15 |   22417 |    3917 |  14.9 |      50 |       8 |  13.8
     Lair:1 |    1634 |     460 |  22.0 |      11 |       1 |   8.3
     Lair:2 |    3957 |     210 |   5.0 |      18 |      14 |  43.8
     Lair:3 |    3121 |     409 |  11.6 |      17 |       2 |  10.5
     Lair:4 |    4883 |     580 |  10.6 |      17 |       1 |   5.6
     Lair:5 |    7838 |       0 |   0.0 |      23 |       0 |   0.0
     Lair:6 |   14716 |    3032 |  17.1 |      40 |      17 |  29.8
    Swamp:1 |    9522 |    5783 |  37.8 |      27 |       2 |   6.9
    Swamp:2 |   13283 |       0 |   0.0 |      41 |       0 |   0.0
    Swamp:3 |   17270 |    9267 |  34.9 |      34 |      11 |  24.4
    Swamp:4 |    6019 |    5986 |  49.9 |      12 |      10 |  45.5
   Spider:1 |     881 |       0 |   0.0 |       2 |       0 |   0.0
      Orc:1 |    2578 |     898 |  25.8 |      35 |      12 |  25.5
      Orc:2 |    7712 |    6134 |  44.3 |      49 |      38 |  43.7
        Lab |    1261 |    2085 |  62.3 |       1 |       8 |  88.9
     Bailey |       0 |    2152 | 100.0 |       0 |      26 | 100.0
      IceCv |       0 |   12645 | 100.0 |       0 |      47 | 100.0
            +---------+---------+-------+---------+---------+-------
